 Dungeon Crawl Stone Soup version 0.28-a0-691-gad6df49e81 (webtiles) character file.

Game seed: 12310154612417086967

403 Antediluvian the Distorting Ant (level 7, 0/54 HPs)
             Began as a Formicid Abyssal Knight on Oct 21, 2021.
             Was a Believer of Lugonu.
             Slain by an iguana (12 damage)
             ... on level 4 of the Dungeon.
             The game lasted 00:07:46 (4773 turns).

Antediluvian the Distorting Ant (FoAK)              Turns: 4773, Time: 00:07:47

Health: 0/54       AC:  8    Str: 19    XL:     7   Next: 11%
Magic:  10/10      EV: 10    Int: 10    God:    Lugonu [**....]
Gold:   179        SH:  4    Dex: 11    Spells: 6/6 levels left

rFire   + . .      SeeInvis +   e - +0 whip
rCold   . . .      Faith    .   g - +0 buckler
rNeg    . . .      Spirit   .   f - +2 ring mail {rF+}
rPois   .          Reflect  .   (helmet unavailable)
rElec   .          Harm     .   (no cloak)
rCorr   .          Rampage  .   (no gloves)
Will    .....                   j - +0 pair of boots
Stlth   +.........              (no amulet)
HPRegen 0.18/turn               (no ring)
MPRegen 0.12/turn               (no ring)

@: no status effects
A: permanent stasis, dig shafts and tunnels, antennae 3, four strong arms
a: Dig, Shaft Self, Renounce Religion, Depart the Abyss, Bend Space


You were on level 4 of the Dungeon.
You worshipped Lugonu.
Lugonu was pleased with you.
You visited 1 branch of the dungeon, and saw 4 of its levels.
You visited the Abyss 1 time.

You collected 179 gold pieces.

Inventory:

Hand Weapons
 e - a +0 whip (weapon)
 m - a +2 flail of protection
 n - a +2 mace of holy wrath
Missiles
 a - a throwing net
Armour
 b - a +0 leather armour
 f - a +2 ring mail of fire resistance (worn)
 g - a +0 buckler (worn)
 h - a +0 chain mail
 j - a +0 pair of boots (worn)
Scrolls
 d - a scroll of immolation {unknown}
 i - 4 scrolls of identify {unknown}
 k - a scroll of teleportation {unknown}
 o - a scroll of fear {unknown}
 p - 2 scrolls of fog {unknown}
 q - a scroll of magic mapping {unknown}
Potions
 c - a potion of haste {unknown}
 l - 2 potions of brilliance {unknown}


   Skills:
 - Level 4.3 Fighting
 * Level 4.3 Maces & Flails
 - Level 2.8 Armour
 - Level 0.8 Dodging
 - Level 3.0 Shields
 + Level 4.9 Invocations


You had 6 spell levels left.
You didn't know any spells.
Your spell library contained the following spells:

 Spells                   Type           Power      Damage    Failure   Level
 Beastly Appendage        Tmut           0%         N/A       54%         1
 Wereblood                Tmut           0%         N/A       67%         2
 Spider Form              Tmut/Pois      0%         N/A       88%         3


Dungeon Overview and Level Annotations

Branches:
Dungeon (4/15)
 Temple: D:4-7

Altars:


Innate Abilities, Weirdness & Mutations

You cannot be hasted, slowed, berserked, paralysed or teleported.
You can dig through walls and to a lower floor.
You have a pair of large antennae on your head. (SInv)
Your four strong arms can wield two-handed weapons with a shield.


Message History

The iguana bites you.
You closely miss the iguana.
The iguana is lightly wounded.
You block the iguana's attack.
You barely miss the iguana.
The iguana is lightly wounded.
You barely miss the iguana.
The iguana is lightly wounded.
The iguana bites you!
You hit the iguana but do no damage.
The iguana is lightly wounded.
The iguana misses you.
You hit the iguana.
The iguana is moderately wounded.
The iguana bites you!
You hit the iguana.
The iguana is moderately wounded.
The iguana misses you.
You hit the iguana but do no damage.
The iguana is moderately wounded.
The iguana bites you!
You completely miss the iguana.
The iguana is moderately wounded.
The iguana closely misses you.
You hit the iguana.
The iguana is heavily wounded.
The iguana bites you but does no damage.
You hit the iguana but do no damage.
The iguana is heavily wounded.
The iguana closely misses you.
You closely miss the iguana.
The iguana is heavily wounded.
The iguana bites you!
* * * LOW HITPOINT WARNING * * *
You barely miss the iguana.
The iguana is heavily wounded.
You hit the iguana but do no damage.
The iguana is heavily wounded.
The iguana bites you!
You die...

.#### ##........ .# . ## ###
#.#..†.#. .# #. #.## ##.#
#....###. .# #.. #..# #..#
#........ .####### #..
#..###..##..##.####
.......####...##..#..##..#......#
..........##'...........##....#.#
######.##.##.###.#####..#######.#
.# #O# #@# #..........# .#####.#
#l# #.########## ....<#.# #.# #.#
......O# #.# #.# .####### #.# #.#
.# ..# #.# ## ..# #.# ..# #.# #.#


You could see an iguana.

Vanquished Creatures
  A black bear (D:4)
  A scorpion (D:4)
  3 hounds (D:4)
  Terence (D:3)
  Jessica (D:3)
  Robin (D:2)
  2 adders
  An ufetubus (D:3)
  3 dart slugs
  3 orcs
  9 ball pythons
  4 bats
  4 endoplasms
  2 giant cockroaches (D:1)
  10 goblins
  6 hobgoblins
  4 jackals (D:1)
  5 kobolds (D:1)
  5 quokkas
  2 frilled lizards (D:3)
  2 rats
70 creatures vanquished.

Notes
Turn   | Place    | Note
-------+----------+-------------------------------------------
     0 | Abyss:1  | Antediluvian the Formicid Abyssal Knight began the quest
                  | for the Orb.
     0 | Abyss:1  | Reached XP level 1. HP: 18/18 MP: 2/2
    26 | Abyss:1  | Found a burning altar of Makhleb.
    27 | Abyss:1  | Noticed an apocalypse crab
    27 | Abyss:1  | Noticed a quasit
    28 | D:1      | Escaped the Abyss
   126 | D:1      | Reached XP level 2. HP: 16/25 MP: 3/3
   599 | D:1      | Reached * piety under Lugonu
   686 | D:1      | Reached XP level 3. HP: 30/30 MP: 4/4
   890 | D:1      | Noticed an eye of devastation
   891 | D:1      | Found a faded altar of an unknown god.
   901 | D:1      | Noticed a great orb of eyes
   901 | D:1      | Noticed a shining eye
   901 | D:1      | Noticed a shining eye
  1697 | D:2      | Reached XP level 4. HP: 18/37 MP: 4/6
  2356 | D:3      | Noticed Robin
  2692 | D:3      | Noticed Jessica
  2712 | D:2      | Killed Robin
  3029 | D:2      | Reached skill level 1 in Shields
  3053 | D:3      | Killed Jessica
  3054 | D:3      | Reached XP level 5. HP: 34/42 MP: 7/7
  3393 | D:3      | Noticed Terence
  3402 | D:3      | Killed Terence
  3648 | D:4      | Reached ** piety under Lugonu
  3649 | D:4      | Reached XP level 6. HP: 32/48 MP: 8/8
  4029 | D:4      | Noticed a black bear
  4078 | D:4      | Killed a black bear
  4234 | D:4      | Reached XP level 7. HP: 36/54 MP: 10/10
  4773 | D:4      | Slain by an iguana

Illustrated notes

Levels and vault maps discovered:
D:1:      lemuel_arrival_hallway, layout_loops_corners,
          hellmonk_ecumenical_altar_watching_god
D:2:      layout_rooms, grunt_decor_clamped
D:3:      layout_loops_cross, kennysheep_jessica_study, uniq_robin, uniq_terence
D:4:      layout_basic, gammafunk_temple_overflow_claw,
          minmay_temple_entry_enclosed_plants, grunt_ministairs_12

Skill      XL: |  1  2  3  4  5  6 |
---------------+-------------------+-----
Fighting       | 4 |  4.3
Shields        | 1 2 3 |  3.0
Invocations    | 3 4 |  4.9
Maces & Flails | 3 4 |  4.3
Armour         | |  2.8
Dodging        | |  0.8

Action                   |  1- 3 |  4- 6 |  7- 9 || total
-------------------------+-------+-------+-------++-------
Melee: Mace              |    85 |       |       ||    85
       Whip              |    43 |   179 |    48 ||   270
Invok: Depart the Abyss  |     1 |       |       ||     1
Armor: Leather armour    |    32 |       |       ||    32
       Ring mail         |    16 |    74 |     9 ||    99
Dodge: Dodged            |    78 |    80 |    14 ||   172
Block: Buckler           |       |    17 |    12 ||    29

Table legend: (Time is in decaauts)
 A = Elapsed time spent in this place.
 B = Non-inter-level travel time spent in this place.
 C = Inter-level travel time spent in this place.
 D = Time resting spent in this place.
 E = Time spent auto-exploring this place.
 F = Levels seen in this place.
 G = Mean time per level.
                   A        B        C        D        E       F      G
               +--------+--------+--------+--------+--------+-----+--------+
         Total |   4786 |   4719 |     67 |      0 |   3835 |   5 |  957.2 |
       Dungeon |   4758 |   4691 |     67 |      0 |   3835 |   4 | 1189.5 |
         Abyss |     28 |     28 |      0 |      0 |      0 |   1 |   28.0 |
               +--------+--------+--------+--------+--------+-----+--------+

Top non-repeatable levels by time:
     D:1: 1512 daAuts
     D:2: 1342 daAuts
     D:3: 1046 daAuts
     D:4: 856 daAuts
 Abyss:1: 28 daAuts
